cohdb
Replays
Latest Replays
All Replays
Popular Replays
Top Player Replays
Match Explorer
How It Works
Community
CoH3 Stats
Reddit
Sign in to upload your games and track your stats! →
Sign in with Steam
Match 41587450
Unlisted
Match 41587450
Overview
Messages
Build Orders
End
Construct Section Command Post
Royal Engineer Section
Selects Australian Defense Battlegroup
Selects Australian Light Infantry Section
Infantry Section
Infantry Section
Australian Light Infantry Section
Construct Platoon Command Post
Humber Armored Car
Selects 2-pounder Anti-tank Gun Team
Construct Field Infirmary
Unlock Bishop Self-propelled Artillery
Bishop Self-propelled Artillery
Australian Light Infantry Section
Selects Vehicle Over Repair
Construct Company Command Post
Grenade Package
Mr Freemon
.k boy
bbqdodo
朴商隐
oxfordsdon
Plati2d2 (Esp)
Морозов
Hans Sturm DE
0
0
Comments
sign in to comment!
No comments posted yet!